TOP OF THE 1ST |
---|
Nevada Noise batting - Pitching for El Dorado Oilers : RHP Francisco Ríos | Pitching: RHP Francisco Ríos | | Batting: RHB Kenny Cole | 0-0: Called Strike 0-1: Ball 1-1: Ball 2-1: Ball 3-1: Base on Balls | Batting: LHB José Román | 0-0: Ball 1-0: Fly out, F4 (Popup, 4MD) | Batting: LHB Pablo Reyes | 0-0: Fly out, F8 (Line Drive, 78D) | Batting: RHB Micheal Banks | 0-0: Fielders Choice at 2nd, 6-4 (Groundball, 6) | Top of the 1st over - 0 runs, 0 hits, 0 errors, 1 left on base; Nevada 0 - El Dorado 0 | BOTTOM OF THE 1ST |
---|
El Dorado Oilers batting - Pitching for Nevada Noise : RHP Isaac Pope | Pitching: RHP Isaac Pope | | Batting: LHB Al Gaines | 0-0: Ground out 4-3 (Groundball, 4) | Batting: RHB Nick Webb | 0-0: Ground out 1-3 (Groundball, 13) | Batting: LHB José Hernández | 0-0: SINGLE (Groundball, 34D) | Batting: LHB Chris Miller | 0-0: Called Strike 0-1: Ball 1-1: Ball 2-1: Fly out, F3 (Popup, 34S) | Bottom of the 1st over - 0 runs, 1 hit, 0 errors, 1 left on base; Nevada 0 - El Dorado 0 | TOP OF THE 2ND |
---|
Nevada Noise batting - Pitching for El Dorado Oilers : RHP Francisco Ríos | Batting: RHB José Velázquez | 0-0: Called Strike 0-1: Ball 1-1: SINGLE (Line Drive, 6MD) | Batting: RHB Juan Estrada | 0-0: Called Strike 0-1: Ball 1-1: Swinging Strike 1-2: Foul Ball, location: 2F 1-2: Ball 2-2: Strikes out swinging | Batting: RHB Franklin Shaw | 0-0: Called Strike 0-1: Swinging Strike 0-2: Ball 1-2: Strikes out swinging | Batting: RHB Mitsuoki Taguchi | 0-0: Ball 1-0: Ball 2-0: Called Strike 2-1: Called Strike 2-2: Ground out 4-3 (Groundball, 4) | Top of the 2nd over - 0 runs, 1 hit, 0 errors, 1 left on base; Nevada 0 - El Dorado 0 | BOTTOM OF THE 2ND |
---|
El Dorado Oilers batting - Pitching for Nevada Noise : RHP Isaac Pope | Batting: RHB Bob Johnson | 0-0: Called Strike 0-1: Swinging Strike 0-2: Ball 1-2: Fly out, F7 (Flyball, 78S) | Batting: LHB José Rivera | 0-0: Called Strike 0-1: Ball 1-1: SOLO HOME RUN (Flyball, 9LD), Distance : 346 ft | Batting: RHB José Carlos Caraballo | 0-0: Ball 1-0: Ball 2-0: Ball 3-0: Base on Balls | Batting: SHB Orlando Aguilar | 0-0: Ball Wild Pitch! José Carlos Caraballo to second 1-0: Called Strike 1-1: Ball 2-1: DOUBLE (Line Drive, 8RD) José Carlos Caraballo scores | Batting: RHB Chris Parker | 0-0: Called Strike 0-1: Ball 1-1: Ball 2-1: Ball 3-1: Base on Balls | Batting: LHB Al Gaines | 0-0: Called Strike 0-1: Fielders Choice at 2nd, 4-6 (Groundball, 4) Orlando Aguilar to third | Batting: RHB Nick Webb | 0-0: Ball 1-0: SINGLE (Flyball, 8RS) Orlando Aguilar scores Al Gaines to second Runner from 2nd tries for 3rd, OUT! | Bottom of the 2nd over - 3 runs, 3 hits, 0 errors, 1 left on base; Nevada 0 - El Dorado 3 | TOP OF THE 3RD |
---|
Nevada Noise batting - Pitching for El Dorado Oilers : RHP Francisco Ríos | Batting: RHB Doug Brown | 0-0: Fly out, F9 (Flyball, 9) | Batting: RHB Kenny Cole | 0-0: Ball 1-0: Fly out, F9 (Flyball, 89D) | Batting: LHB José Román | 0-0: DOUBLE (Groundball, 3L) | Batting: LHB Pablo Reyes | 0-0: Ball 1-0: Swinging Strike 1-1: Ball Wild Pitch! José Román to third 2-1: Foul Ball, location: 2F 2-2: Fly out, F9 (Flyball, 9LMF) | Top of the 3rd over - 0 runs, 1 hit, 0 errors, 1 left on base; Nevada 0 - El Dorado 3 | BOTTOM OF THE 3RD |
---|
El Dorado Oilers batting - Pitching for Nevada Noise : RHP Isaac Pope | Batting: LHB José Hernández | 0-0: Ball 1-0: Called Strike 1-1: Foul Ball, location: 2F 1-2: Ball 2-2: Ball 3-2: Base on Balls | Batting: LHB Chris Miller | 0-0: Ball 1-0: Grounds into double play, 4-6-3 (Groundball, 4) | Batting: RHB Bob Johnson | 0-0: Called Strike 0-1: DOUBLE (Line Drive, 89M) | Batting: LHB José Rivera | 0-0: Swinging Strike 0-1: Ball 1-1: Foul Ball, location: 2F 1-2: Ball 2-2: Foul Ball, location: 2F 2-2: Ball 3-2: 2-RUN HOME RUN (Flyball, 9D), Distance : 400 ft | Batting: RHB José Carlos Caraballo | 0-0: Ball 1-0: Ground out 5-3 (Groundball, 5L) | Bottom of the 3rd over - 2 runs, 2 hits, 0 errors, 0 left on base; Nevada 0 - El Dorado 5 | TOP OF THE 4TH |
---|
Nevada Noise batting - Pitching for El Dorado Oilers : RHP Francisco Ríos | Batting: RHB Micheal Banks | 0-0: Ball 1-0: Ball 2-0: Fly out, F5 (Line Drive, 5) | Batting: RHB José Velázquez | 0-0: Ball 1-0: Foul Ball, location: 2F 1-1: Swinging Strike 1-2: Strikes out swinging | Batting: RHB Juan Estrada | 0-0: Called Strike 0-1: Ball 1-1: SINGLE (Line Drive, 6MD) | Batting: RHB Franklin Shaw | 0-0: Called Strike 0-1: Ball 1-1: Ball 2-1: Ball 3-1: Foul Ball, location: 2F 3-2: Foul Ball, location: 2F 3-2: Strikes out looking | Top of the 4th over - 0 runs, 1 hit, 0 errors, 1 left on base; Nevada 0 - El Dorado 5 | BOTTOM OF THE 4TH |
---|
El Dorado Oilers batting - Pitching for Nevada Noise : RHP Isaac Pope | Batting: SHB Orlando Aguilar | 0-0: Ground out 1-3 (Groundball, P) | Batting: RHB Chris Parker | 0-0: Swinging Strike 0-1: Swinging Strike 0-2: Foul Ball, location: 2F 0-2: Foul Ball, location: 2F 0-2: Fly out, F9 (Flyball, 9S) | Batting: LHB Al Gaines | 0-0: SINGLE (Groundball, 34) (infield hit) | Batting: RHB Nick Webb | 0-0: Called Strike Al Gaines steals 2nd base 0-1: Foul Ball, location: 2F 0-2: Ball 1-2: Ball 2-2: Ball 3-2: Strikes out looking | Bottom of the 4th over - 0 runs, 1 hit, 0 errors, 1 left on base; Nevada 0 - El Dorado 5 | TOP OF THE 5TH |
---|
Nevada Noise batting - Pitching for El Dorado Oilers : RHP Francisco Ríos | Pitching: RHP Pete Cook | | Batting: RHB Mitsuoki Taguchi | 0-0: Foul Ball, location: 2F 0-1: Fly out, F9 (Flyball, 9) | Batting: RHB Doug Brown | 0-0: Ball 1-0: Called Strike 1-1: Ball 2-1: Ball 3-1: Base on Balls | Batting: RHB Kenny Cole | 0-0: Foul Ball, location: 2F 0-1: Ball 1-1: Ball 2-1: Ball 3-1: Called Strike 3-2: Foul Ball, location: 2F 3-2: Base on Balls Doug Brown to second | Batting: LHB José Román | 0-0: Foul Ball, location: 2F 0-1: Ball 1-1: Grounds into double play, 4-6-3 (Groundball, 4) | Top of the 5th over - 0 runs, 0 hits, 0 errors, 1 left on base; Nevada 0 - El Dorado 5 | BOTTOM OF THE 5TH |
---|
El Dorado Oilers batting - Pitching for Nevada Noise : RHP Isaac Pope | Pitching: RHP Luis Cortéz | | Batting: LHB José Hernández | 0-0: Ground out 4-3 (Groundball, 4M) | Batting: LHB Chris Miller | 0-0: Ball 1-0: Called Strike 1-1: Foul Ball, location: 2F 1-2: Ball 2-2: SINGLE (Groundball, 6MS) (infield hit) | Batting: RHB Bob Johnson | 0-0: Ball 1-0: Ball 2-0: Called Strike 2-1: Foul Ball, location: 2F 2-2: Ground out 4-3 (Groundball, 4S) Chris Miller to second | Batting: LHB José Rivera | 0-0: Ball 1-0: Ball 2-0: Foul Ball, location: 2F 2-1: Ball 3-1: Swinging Strike 3-2: Base on Balls | Batting: RHB José Carlos Caraballo | 0-0: SINGLE (Groundball, 34S) (infield hit) Chris Miller to third José Rivera to second | Batting: SHB Orlando Aguilar | 0-0: Called Strike 0-1: Ball 1-1: Ball 2-1: Swinging Strike 2-2: Foul Ball, location: 2F 2-2: Strikes out swinging | Bottom of the 5th over - 0 runs, 2 hits, 0 errors, 3 left on base; Nevada 0 - El Dorado 5 | TOP OF THE 6TH |
---|
Nevada Noise batting - Pitching for El Dorado Oilers : RHP Pete Cook | Batting: LHB Pablo Reyes | 0-0: Foul Ball, location: 2F 0-1: Ball 1-1: Foul Ball, location: 2F 1-2: Strikes out swinging | Batting: RHB Micheal Banks | 0-0: Foul Ball, location: 2F 0-1: Foul Ball, location: 2F 0-2: Strikes out swinging | Batting: RHB José Velázquez | 0-0: Ball 1-0: Ball 2-0: Foul Ball, location: 2F 2-1: Called Strike 2-2: Foul Ball, location: 2F 2-2: Strikes out looking | Top of the 6th over - 0 runs, 0 hits, 0 errors, 0 left on base; Nevada 0 - El Dorado 5 | BOTTOM OF THE 6TH |
---|
El Dorado Oilers batting - Pitching for Nevada Noise : RHP Luis Cortéz | Batting: RHB Chris Parker | 0-0: Foul Ball, location: 2F 0-1: SINGLE (Groundball, 3) (infield hit) | Pinch Hitting: RHB Sixto Vélez | 0-0: Called Strike 0-1: Grounds into double play, 6-4-3 (Groundball, 6) | Pinch Hitting: RHB Warren Martin | 0-0: Called Strike 0-1: Foul Ball, location: 2F 0-2: Foul Ball, location: 2F 0-2: Ball 1-2: Foul Ball, location: 2F 1-2: Strikes out swinging | Bottom of the 6th over - 0 runs, 1 hit, 0 errors, 0 left on base; Nevada 0 - El Dorado 5 | TOP OF THE 7TH |
---|
Nevada Noise batting - Pitching for El Dorado Oilers : RHP Pete Cook | Now at 2B: Sixto Vélez | | Now in LF: Warren Martin | | Batting: RHB Juan Estrada | 0-0: Called Strike 0-1: Ball 1-1: Swinging Strike 1-2: Ball 2-2: Foul Ball, location: 2F 2-2: Strikes out swinging | Batting: RHB Franklin Shaw | 0-0: Called Strike 0-1: Foul Ball, location: 2F 0-2: Ball 1-2: Ball 2-2: Foul Ball, location: 2F 2-2: Ground out 3-1 (Groundball, 34) | Batting: RHB Mitsuoki Taguchi | 0-0: Ball 1-0: Swinging Strike 1-1: Called Strike 1-2: Ball 2-2: Ground out 3-1 (Groundball, 34) | Top of the 7th over - 0 runs, 0 hits, 0 errors, 0 left on base; Nevada 0 - El Dorado 5 | BOTTOM OF THE 7TH |
---|
El Dorado Oilers batting - Pitching for Nevada Noise : RHP Luis Cortéz | Batting: RHB Juan Jiménez | 0-0: Called Strike 0-1: Foul Ball, location: 2F 0-2: Foul Ball, location: 2F 0-2: Ball 1-2: Ball 2-2: Strikes out swinging | Pinch Hitting: LHB Curt Walker | 0-0: Ground out 3-1 (Groundball, 34S) | Batting: RHB Bob Johnson | 0-0: Ground out 4-3 (Groundball, 4) | Bottom of the 7th over - 0 runs, 0 hits, 0 errors, 0 left on base; Nevada 0 - El Dorado 5 | TOP OF THE 8TH |
---|
Nevada Noise batting - Pitching for El Dorado Oilers : RHP Pete Cook | Pitching: RHP Ken Lyons | | Now in RF: Ashley Pickhills | | Batting: RHB Doug Brown | 0-0: SINGLE (Line Drive, 78S) | Pinch Hitting: RHB Luis Cruz | 0-0: Ball 1-0: Ball 2-0: SINGLE (Line Drive, 7S) Doug Brown to second | Pitching: RHP César López | | Pinch Hitting: LHB Milton Watson | 0-0: Ball 1-0: DOUBLE (Groundball, 5L) Doug Brown scores Luis Cruz to third | Pinch Hitting: RHB Fernando Gálvez | 0-0: Foul Ball, location: 2F 0-1: Foul Ball, location: 2F 0-2: Ball 1-2: Ball 2-2: Foul Ball, location: 2F 2-2: Foul Ball, location: 2F 2-2: SINGLE (Flyball, 89M) Luis Cruz scores Milton Watson to third | Batting: RHB Rich Ruffin | 0-0: Swinging Strike 0-1: Grounds into double play, 6-4-3 (Groundball, 6M) Milton Watson scores | Pinch Hitting: RHB Pedro Rosado | 0-0: Ball 1-0: Ball 2-0: Called Strike 2-1: Foul Ball, location: 2F 2-2: Ground out 2-3 (Groundball, 13S) | Top of the 8th over - 3 runs, 4 hits, 0 errors, 0 left on base; Nevada 3 - El Dorado 5 | BOTTOM OF THE 8TH |
---|
El Dorado Oilers batting - Pitching for Nevada Noise : RHP Luis Cortéz | Pitching: LHP Miguel Galván | | Now at 1B: Milton Watson | | Now in LF: Max Jones | | Now in CF: Luis Cruz | | Now in RF: Pedro Rosado | | Pinch Hitting: RHB Pete Smith | 0-0: Ball 1-0: Ball 2-0: Foul Ball, location: 2F 2-1: Swinging Strike 2-2: Ball 3-2: Strikes out looking | Batting: RHB José Carlos Caraballo | 0-0: Ball 1-0: Called Strike 1-1: SINGLE (Groundball, 5S) (infield hit) | Pinch Hitting: SHB Theron Harper | 0-0: Ball 1-0: Ball 2-0: Foul Ball, location: 2F 2-1: Swinging Strike 2-2: Ball 3-2: Fly out, F3 (Popup, 34) | Pinch Hitting: RHB José Montoya | 0-0: Called Strike 0-1: Ball 1-1: Ball 2-1: SINGLE (Groundball, 56D) José Carlos Caraballo to second Runner from 2nd tries for 3rd, SAFE, no throw | Batting: RHB Sixto Vélez | 0-0: Ball 1-0: Foul Ball, location: 2F 1-1: Ball 2-1: Foul Ball, location: 2F 2-2: Ball 3-2: Foul Ball, location: 2F 3-2: Strikes out swinging | Bottom of the 8th over - 0 runs, 2 hits, 0 errors, 2 left on base; Nevada 3 - El Dorado 5 | TOP OF THE 9TH |
---|
Nevada Noise batting - Pitching for El Dorado Oilers : RHP César López | Pitching: RHP Kuang-yin Yue | | Now at 1B: José Montoya | | Now at 3B: Theron Harper | | Now at SS: Carlos Vásquez | | Pinch Hitting: SHB Víctor Serrano | 0-0: Ball 1-0: Foul Ball, location: 2F 1-1: Ball 2-1: Swinging Strike 2-2: SINGLE (Groundball, 6MD) | Pinch Hitting: RHB Dexter Potter | 0-0: Ball 1-0: Swinging Strike 1-1: Ball 2-1: Grounds into double play, 4-6-3 (Groundball, 4M) | Pinch Hitting: RHB Jack Bailey | 0-0: Called Strike 0-1: Foul Ball, location: 2F 0-2: Strikes out swinging | Top of the 9th over - 0 runs, 1 hit, 0 errors, 0 left on base; Nevada 3 - El Dorado 5 | |